Workbook
Name AnticipoM1: POA!$D$2
Name AnticipoM2: POA!$D$3
Name AnticipoM3: POA!$D$4
Name AnticipoM4: POA!$D$5
Name CapFinanciera1: Puntajes!$C$12
Name CapFinanciera2: Puntajes!$C$13
Name CapFinanciera3: Puntajes!$C$14
Name CapFinanciera4: Puntajes!$C$15
Name CapTecnica1: Puntajes!$G$4
Name CapTecnica2: Puntajes!$G$5
Name Experiencia1: Puntajes!$C$4
Name Experiencia2: Puntajes!$C$5
Name Experiencia3: Puntajes!$C$6
Name PlazoM1: POA!$C$2
Name PlazoM2: POA!$C$3
Name PlazoM3: POA!$C$4
Name PlazoM4: POA!$C$5
Name prueba: #REF!
Name SALACTUAL: POA!$F$2

Sheet Verificaciones
B4: No. Oferta | D4: OFERENTE | E4: Verificación Formulario No. 03 | P4: Datos Declaración Renta 2003 | T4: Variación
E5: Activo Corriente | F5: Activo Fijo | G5: Otros Activos | H5: Total Activo | I5: Pasivo Corriente | J5: Pasivo Mediano y Largo Plazo | K5: Total Pasivo | L5: Patrimonio | M5: Total Pasivo + Patrimonio | N5: Utilidad Antes de Impuesto | O5: Utilidad Neta | P5: Patrimonio Bruto | Q5: Total Pasivo | R5: Patrimonio Liquido | S5: Renta Liquida | T5: Patrimonio Bruto | U5: Total Pasivo | V5: Patrimonio Liquido | W5: Renta Liquida
B7: 1 | D7: CONSORCIO LAS ANIMAS #1
C8: 1.1 | D8: GERMA TORRES SALGADO | E8: 661279000 | F8: 586850000 | H8: =SUM(E8:G8) -> 1248129000 | I8: 133995725 | J8: 243009275 | K8: =SUM(I8:J8) -> 377005000 | L8: =+H8-K8 -> 871124000 | M8: =+K8+L8 -> 1248129000 | N8: 89170000 | O8: 65583000 | P8: 1248129000 | Q8: 353418000 | R8: 894711000 | S8: 93656000 | T8: =(H8-P8)/P8 -> 0 | U8: =+(K8-Q8)/Q8 -> 0.066739668 | V8: =(L8-R8)/R8 -> -0.026362703 | W8: =(O8-S8)/S8 -> -0.29974588
C9: 1.2 | D9: MARIO GIRALDO ENCISO | E9: 902790808 | F9: 22582416 | G9: 15532940 | H9: =SUM(E9:G9) -> 940906164 | I9: 69497421 | J9: 467428657 | K9: =SUM(I9:J9) -> 536926078 | L9: 403980086 | M9: =+K9+L9 -> 940906164 | N9: 18766695 | O9: 20396695 | T9: =(H9-P9)/P9 -> #DIV/0! | U9: =+(K9-Q9)/Q9 -> #DIV/0! | V9: =(L9-R9)/R9 -> #DIV/0! | W9: =(O9-S9)/S9 -> #DIV/0!
C10: 1.3 | D10: MANUEL MOSQUERA | E10: 300353422 | F10: 251940082 | G10: 69532472 | H10: =SUM(E10:G10) -> 621825976 | I10: 153716887 | J10: 54587444 | K10: =SUM(I10:J10) -> 208304331 | L10: 413521645 | M10: =+K10+L10 -> 621825976 | N10: 16241438 | O10: 16221673 | P10: 611957000 | Q10: 208285000 | R10: 403672000 | S10: 17042000 | T10: =(H10-P10)/P10 -> 0.016126911 | U10: =+(K10-Q10)/Q10 -> 9.2810332e-05 | V10: =(L10-R10)/R10 -> 0.024400119 | W10: =(O10-S10)/S10 -> -0.048135606
C11: 1.4 | D11: JORGE DE JESUS E. | E11: 506655816 | F11: 152054516 | G11: 245059330 | H11: =SUM(E11:G11) -> 903769662 | I11: 137779007 | J11: 42562365 | K11: =SUM(I11:J11) -> 180341372 | L11: 723428291 | M11: =+K11+L11 -> 903769663 | N11: 50395207 | O11: 42647207 | P11: 903769000 | Q11: 180341000 | R11: 723428000 | S11: 46988000 | T11: =(H11-P11)/P11 -> 7.3248806e-07 | U11: =+(K11-Q11)/Q11 -> 2.0627589e-06 | V11: =(L11-R11)/R11 -> 4.022515e-07 | W11: =(O11-S11)/S11 -> -0.092380884
C12: 1.5 | D12: REPRESENTA Y CONS PAI LTDA | E12: 378072865 | F12: 103601233 | G12: 955950 | H12: =SUM(E12:G12) -> 482630048 | I12: 36771662 | J12: 134085789 | K12: =SUM(I12:J12) -> 170857451 | L12: 311772597 | M12: =+K12+L12 -> 482630048 | N12: 15703386 | O12: 7048986 | P12: 482631000 | Q12: 170858000 | R12: 311773000 | S12: 22479000 | T12: =(H12-P12)/P12 -> -1.9725215e-06 | U12: =+(K12-Q12)/Q12 -> -3.2131946e-06 | V12: =(L12-R12)/R12 -> -1.2926071e-06 | W12: =(O12-S12)/S12 -> -0.68641906
C13: 1.6 | D13: ASFALTOS DE OCCID S.A. | E13: 69932426 | F13: 460250218 | G13: 107112095 | H13: =SUM(E13:G13) -> 637294739 | I13: 29489669 | J13: 80572256 | K13: =SUM(I13:J13) -> 110061925 | L13: 527232814 | M13: =+K13+L13 -> 637294739 | N13: 8363847 | O13: 3783847 | P13: 637294000 | Q13: 110061000 | R13: 527233000 | S13: 11897000 | T13: =(H13-P13)/P13 -> 1.1595904e-06 | U13: =+(K13-Q13)/Q13 -> 8.4044303e-06 | V13: =(L13-R13)/R13 -> -3.527852e-07 | W13: =(O13-S13)/S13 -> -0.68194948
B14: 2 | D14: CONCAY S.A. | E14: 40069494079 | F14: 5482697057 | G14: 13667555753 | H14: =SUM(E14:G14) -> 59219746889 | I14: 21914617588 | J14: 7301680273 | K14: =SUM(I14:J14) -> 29216297861 | L14: 30003449028 | M14: =+K14+L14 -> 59219746889 | N14: 6682012591 | O14: 6273203591 | P14: 42778874000 | Q14: 22139102000 | R14: 20639772000 | S14: 1168027000 | T14: =(H14-P14)/P14 -> 0.38432224 | U14: =+(K14-Q14)/Q14 -> 0.31966951 | V14: =(L14-R14)/R14 -> 0.45367153 | W14: =(O14-S14)/S14 -> 4.3707693
B15: 3 | D15: UNION TEMPORAL PAVIMENTACION DEL CHOCO
C16: 3.1 | D16: AULI FERNANDO VELANDIA M | E16: 1044688000 | F16: 114208000 | G16: 507125000 | H16: =SUM(E16:G16) -> 1666021000 | I16: 89341000 | J16: 920563000 | K16: =SUM(I16:J16) -> 1009904000 | L16: 656117000 | M16: =+K16+L16 -> 1666021000 | N16: 82940000 | O16: 65192000 | P16: 1666021000 | Q16: 1009904000 | R16: 656117000 | S16: 82940000 | T16: =(H16-P16)/P16 -> 0 | U16: =+(K16-Q16)/Q16 -> 0 | V16: =(L16-R16)/R16 -> 0 | W16: =(O16-S16)/S16 -> -0.21398601
C17: 3.2 | D17: HIFO S.A. | E17: 2210583412 | F17: 1796245413 | G17: 950172658 | H17: =SUM(E17:G17) -> 4957001483 | I17: 578205453 | J17: 2306752990 | K17: =SUM(I17:J17) -> 2884958443 | L17: 2072043050 | M17: =+K17+L17 -> 4957001493 | N17: 126050800 | O17: 81933020 | P17: 4957002000 | Q17: 2884958000 | R17: 2072044000 | S17: 126051000 | T17: =(H17-P17)/P17 -> -1.0429691e-07 | U17: =+(K17-Q17)/Q17 -> 1.535551e-07 | V17: =(L17-R17)/R17 -> -4.5848447e-07 | W17: =(O17-S17)/S17 -> -0.35000103
C18: 3.3 | D18: INFICAS S.A. | E18: 1128389590 | F18: 497010730 | G18: 450516529 | H18: =SUM(E18:G18) -> 2075916849 | I18: 843827380 | J18: 171544974 | K18: =SUM(I18:J18) -> 1015372354 | L18: 1060544495 | M18: =+K18+L18 -> 2075916849 | N18: 150152888 | O18: 84818888 | P18: 2075917000 | Q18: 1014364000 | R18: 1061553000 | S18: 186669000 | T18: =(H18-P18)/P18 -> -7.2738939e-08 | U18: =+(K18-Q18)/Q18 -> 0.00099407511 | V18: =(L18-R18)/R18 -> -0.00095002793 | W18: =(O18-S18)/S18 -> -0.54561878
C19: 3.4 | D19: CATOBRAS LTDA | H19: =SUM(E19:G19) -> 0 | K19: =SUM(I19:J19) -> 0 | M19: =+K19+L19 -> 0 | T19: =(H19-P19)/P19 -> #DIV/0! | U19: =+(K19-Q19)/Q19 -> #DIV/0! | V19: =(L19-R19)/R19 -> #DIV/0! | W19: =(O19-S19)/S19 -> #DIV/0!
C20: 3.5 | D20: CARLOS MARIO PALACIO CH | E20: 397516649 | F20: 44535519 | H20: =SUM(E20:G20) -> 442052168 | I20: 205584360 | K20: =SUM(I20:J20) -> 205584360 | L20: 236467808 | M20: =+K20+L20 -> 442052168 | N20: 52120000 | O20: 52120000 | P20: 442053000 | Q20: 205584000 | R20: =P20-Q20 -> 236469000 | S20: 52120000 | T20: =(H20-P20)/P20 -> -1.8821273e-06 | U20: =+(K20-Q20)/Q20 -> 1.751109e-06 | V20: =(L20-R20)/R20 -> -5.0408299e-06 | W20: =(O20-S20)/S20 -> 0
C21: 3.6 | D21: LUIS CORANDO VELAZQUEZ | E21: 230187357 | F21: 487735892 | G21: 9625046 | H21: =SUM(E21:G21) -> 727548295 | I21: 117145481 | J21: 76862715 | K21: =SUM(I21:J21) -> 194008196 | L21: 533540099 | M21: =+K21+L21 -> 727548295 | P21: 727548000 | Q21: 194008000 | R21: 533540000 | T21: =(H21-P21)/P21 -> 4.0547153e-07 | U21: =+(K21-Q21)/Q21 -> 1.0102676e-06 | V21: =(L21-R21)/R21 -> 1.855531e-07 | W21: =(O21-S21)/S21 -> #DIV/0!
B22: 4 | D22: CONSORCIO GOMGO 35
C23: 4.1 | D23: MIGUEL EDGAR ALFONSO | E23: 940500000 | F23: 220000000 | G23: 19500000 | H23: =SUM(E23:G23) -> 1180000000 | I23: 50000000 | J23: 50000000 | K23: =SUM(I23:J23) -> 100000000 | L23: 1080000000 | M23: =+K23+L23 -> 1180000000 | N23: 38000000 | O23: 38000000 | P23: 1180000000 | Q23: 100000000 | R23: 1080000000 | S23: 35000000 | T23: =(H23-P23)/P23 -> 0 | U23: =+(K23-Q23)/Q23 -> 0 | V23: =(L23-R23)/R23 -> 0 | W23: =(O23-S23)/S23 -> 0.085714286
C24: 4.2 | D24: ABEL FRANCISCO VALBUENA | E24: 1215892000 | F24: 443008000 | G24: 283790000 | H24: =SUM(E24:G24) -> 1942690000 | I24: 374625000 | J24: 55000000 | K24: =SUM(I24:J24) -> 429625000 | L24: 1513065000 | M24: =+K24+L24 -> 1942690000 | N24: 47375000 | O24: 47375000 | P24: 1942690000 | Q24: 429625000 | R24: 1513065000 | S24: 47375000 | T24: =(H24-P24)/P24 -> 0 | U24: =+(K24-Q24)/Q24 -> 0 | V24: =(L24-R24)/R24 -> 0 | W24: =(O24-S24)/S24 -> 0
C25: 4.3 | D25: CESAR GOMEZ | E25: 2149248232 | F25: 390736722 | H25: =SUM(E25:G25) -> 2539984954 | I25: 1922763807 | J25: 93405043 | K25: =SUM(I25:J25) -> 2016168850 | L25: 523816104 | M25: =+K25+L25 -> 2539984954 | N25: 41060626 | O25: 54549620 | P25: 2539984000 | Q25: 2016168000 | R25: 523816000 | S25: 71993000 | T25: =(H25-P25)/P25 -> 3.7559292e-07 | U25: =+(K25-Q25)/Q25 -> 4.2159185e-07 | V25: =(L25-R25)/R25 -> 1.98543e-07 | W25: =(O25-S25)/S25 -> -0.24229272
C26: 4.4 | D26: LUIS MAYORGA AGUIRRE | E26: 1286602000 | F26: 529776000 | G26: 367025000 | H26: =SUM(E26:G26) -> 2183403000 | I26: 631956000 | J26: 6584000 | K26: =SUM(I26:J26) -> 638540000 | L26: 1544863000 | M26: =+K26+L26 -> 2183403000 | P26: 2183403000 | Q26: 638540000 | R26: =P26-Q26 -> 1544863000 | T26: =(H26-P26)/P26 -> 0 | U26: =+(K26-Q26)/Q26 -> 0 | V26: =(L26-R26)/R26 -> 0 | W26: =(O26-S26)/S26 -> #DIV/0!
B27: 5 | D27: CONSORCIO PLAN VIAL CHOCO 2005
C28: 5.1 | D28: VARGAS VELANDIA LTDA | E28: 3662005000 | F28: 457085000 | G28: 114779000 | H28: =SUM(E28:G28) -> 4233869000 | I28: 530721000 | J28: 160038000 | K28: =SUM(I28:J28) -> 690759000 | L28: 3543110000 | M28: =+K28+L28 -> 4233869000 | N28: 457250000 | O28: 297212000 | P28: 4229443000 | Q28: 686333000 | R28: 3543110000 | S28: 457250000 | T28: =(H28-P28)/P28 -> 0.0010464735 | U28: =+(K28-Q28)/Q28 -> 0.0064487647 | V28: =(L28-R28)/R28 -> 0 | W28: =(O28-S28)/S28 -> -0.35000109
C29: 5.2 | D29: NACIONAL DE PAVIMENTOS LTDA | E29: 1345051857 | F29: 622683311 | G29: 1888148909 | H29: =SUM(E29:G29) -> 3855884077 | I29: 235974264 | J29: 1059293810 | K29: =SUM(I29:J29) -> 1295268074 | L29: 2560616003 | M29: =+K29+L29 -> 3855884077 | N29: 211804765 | O29: 128144765 | P29: 1968115000 | Q29: 1295268000 | R29: 672847000 | S29: 239030000 | T29: =(H29-P29)/P29 -> 0.95917621 | U29: =+(K29-Q29)/Q29 -> 5.7131034e-08 | V29: =(L29-R29)/R29 -> 2.8056438 | W29: =(O29-S29)/S29 -> -0.46389673
C30: 5.3 | D30: JAIME VARGAS GALINDO | E30: 68481000 | F30: 248149000 | G30: 1829723000 | H30: =SUM(E30:G30) -> 2146353000 | I30: 20336000 | J30: 1030069000 | K30: =SUM(I30:J30) -> 1050405000 | L30: 1095948000 | M30: =+K30+L30 -> 2146353000 | N30: 63435000 | O30: 51635000 | P30: 2146353000 | Q30: 1050405000 | R30: 1095948000 | S30: 63435000 | T30: =(H30-P30)/P30 -> 0 | U30: =+(K30-Q30)/Q30 -> 0 | V30: =(L30-R30)/R30 -> 0 | W30: =(O30-S30)/S30 -> -0.18601718
C31: 5.4 | D31: VINDICO S.A. | E31: 9098479232 | F31: 531593591 | G31: =1377315265+27043045 -> 1404358310 | H31: =SUM(E31:G31) -> 11034431133 | I31: 1681476244 | J31: 4212950518 | K31: =SUM(I31:J31) -> 5894426762 | L31: 5140004372 | M31: =+K31+L31 -> 11034431134 | N31: 101528025 | O31: 54379630 | P31: 11007389000 | Q31: 5894427000 | R31: 5112962000 | S31: 122857000 | T31: =(H31-P31)/P31 -> 0.0024567255 | U31: =+(K31-Q31)/Q31 -> -4.0377122e-08 | V31: =(L31-R31)/R31 -> 0.0052889836 | W31: =(O31-S31)/S31 -> -0.55737459
B34: OBSERVACIONES:
C35: CONSORCIO LAS ANIMAS #1,,se subsana integrante 1,2porque no conciliacines

Sheet POA
A1: Modulo | B1: PO | C1: N | D1: Anticipo | F1: SMMLV 2021 | H1: Capital de Trabajo Demandado | I1: Patrimonio | K1: % Requerido Patrimonio
A2: 1 | B2: 309996612 | C2: 7 | D2: =+B2*0.2 -> 61999322 | F2: 908526 | H2: =+IF(OR(B2="",PlazoM1=""),"",B2/PlazoM1) -> 44285230 | I2: =IF(OR(B2="",$K$2=""),"",B2*$K$2) -> 30999661 | K2: 0.1
B3: =B2/SALACTUAL -> 341.2083 | H3: =+IF(OR(B3="",PlazoM2=""),"",B3/PlazoM2) | I3: =IF(OR(B3="",$K$2=""),"",B3*$K$2) -> 34.12083
H4: =+IF(OR(B4="",PlazoM3=""),"",B4/PlazoM3) | I4: =IF(OR(B4="",$K$2=""),"",B4*$K$2)
H5: =+IF(OR(B5="",PlazoM4=""),"",B5/PlazoM4) | I5: =IF(OR(B5="",$K$2=""),"",B5*$K$2)

Sheet Puntajes
B2: EXPERIENCIA | F2: CAPACIDAD TÉCNICA
B3: Mayor a | C3: Menor o Igual a | D3: Puntaje | F3: Desde | G3: Hasta | H3: Puntaje
B4: 0 | C4: 3 | D4: 60 | F4: 1 | G4: 5 | H4: 20
B5: 3 | C5: 6 | D5: 80 | F5: 6 | G5: 10 | H5: 30
B6: 6 | C6: 10 | D6: 100 | F6: 11 | G6: Mayores | H6: 40
B7: 10 | C7: Mayores | D7: 120
B10: CAPACIDAD FINANCIERA
B11: Mayor a | C11: Menor o Igual a | D11: Puntaje
B12: 0 | C12: 0.5 | D12: 20
B13: 0.5 | C13: 0.75 | D13: 25
B14: 0.75 | C14: 1 | D14: 30
B15: 1 | C15: 1.5 | D15: 35
B16: 1.5 | C16: Mayores | D16: 40

Sheet Capacidad Financiera
B2: INSTITUTO NACIONAL DE VIAS
B3: DIRECCIÓN DE CONTRATACIÓN
B4: SA-MC-DT-CUN-003-2020
B5: EVALUACIÓN FINANCIERA
B7: DATOS DEL INTERESADO | E7: INFORMACIÓN FINANCIERA - RUP | S7: INDICE-CAPITAL DE TRABAJO DEMANDADO | U7: INDICE-PATRIMONIO | W7: INDICE-LIQUIDEZ | Y7: INDICE-ENDEUDAMIENTO | AB7: RAZON DE COBERTURA DE INTERESES | AD7: EVALUACIÓN CAPACIDAD FINANCIERA | AE7: CALIDAD DE MIPYME | AG7: RENTABILIDAD DEL PATRIMONIO (ROE) | AI7: RENTABILIDAD DEL ACTIVO (ROA) | AK7: EVALUACIÓN CAPACIDAD ORGANIZACIÓN
B8: OFERTA | C8: PROPONENTE | D8: PORCENTAJE DE PARTICIPACION | E8: ACTIVO CORRIENTE | F8: ACTIVO TOTAL | G8: PASIVO CORRIENTE | H8: PASIVO TOTAL | I8: CAPITAL DE TRABAJO (Activo Corriente - Pasivo Corriente) | J8: PATRIMONIO (Activo Total - Pasivo Total) | K8: PATRIMONIO ROE (Activo Total - Pasivo Total) | N8: MÓDULO | O8: PLAZO (P) | P8: MODULOS ADJUDICADOS | Q8: VALOR CAPITAL DE TRABAJO DEMANDADO MODULOS ADJUDICADOS | R8: VALOR PRESUPUESTO OFICIAL ANUAL(PO) | S8: Fórmula: CT=AC-PC>=(PO/n) | U8: Fórmula: P=AT-PT >= (10%*PO) | W8: Fórmula: Liquidez=AC/PC>=1,0 | Y8: Fórmula: Endeudamiento = Pas.T/Act.Tot. <= 0,70 | AA8: VALOR PATRIMONIO REQUERIDO MODULOS ADJUDICADOS | AB8: Fórmula: Razón Cobertura Intereses = UO/GI >= 1,00 | AD8: HABIL/NO HABIL | AE8: SMMLV 2011 | AF8: 535600 | AG8: Fórmula: ROE=UO/Pat.ROE>=0,00 | AI8: Fórmula: ROE=UO/Act.Tot.>=0,00 | AK8: HABIL/NO HABIL
L9: UTILIDAD OPERACIONAL | M9: GASTOS DE INTERESES | S9: Req. Min. CTd: > = | T9: (PO/n) | U9: Req. Min. Patrimonio: > = | V9: ="10%*PO" -> 10%*PO | W9: Req. Min. Solvencia: > = | X9: 1 | Y9: Req. Min. Endeudamiento: < = | Z9: 0.7 | AB9: Req. Min. Cobertura Intereses: > = | AC9: 1 | AE9: SMMLV 2012 | AF9: 566700 | AG9: Req. Min. ROE: > = | AH9: 0 | AI9: Req. Min. ROA: > = | AJ9: 0
S10: INDICADOR | T10: RESULTADO | U10: INDICADOR | V10: RESULTADO | W10: INDICADOR | X10: RESULTADO | Y10: INDICADOR | Z10: RESULTADO | AB10: INDICADOR | AC10: RESULTADO | AE10: CALIDAD DE MIPYME EN SMMLV | AF10: 30000 | AG10: INDICADOR | AH10: RESULTADO | AI10: INDICADOR | AJ10: RESULTADO
B12: 1 | C12: INGDECOL S.A.S | D12: 1 | E12: 618474754 | F12: 631003070 | G12: 26178150 | H12: 73348064 | I12: =E12-G12 -> 592296604 | J12: =F12-H12 -> 557655006 | K12: =F12-H12 -> 557655006 | L12: 427102493 | M12: 1091800 | N12: 1 | O12: =IF(ISERROR(VLOOKUP(N12,POA!$A$2:$C$16,3,0)),"",VLOOKUP(N12,POA!$A$2:$C$16,3,0)) -> 7 | Q12: =+SUM(Q13:Q25) -> 0 | R12: =IF(ISERROR(VLOOKUP(N12,POA!$A$2:$C$16,2,0)),"",VLOOKUP(N12,POA!$A$2:$C$16,2,0)) -> 309996612 | S12: =E12-G12 -> 592296604 | T12: =IF(OR(S12=0,N12="",R12=""),"",IF(S12>=(R12/O12),"HABIL","NO HABIL")) -> HABIL | U12: =F12-H12 -> 557655006 | V12: =IF(OR(U12=0,N12="",R12=""),"",IF(U12>=(10%*R12),"HABIL","NO HABIL")) -> HABIL | W12: =IF(ISERROR(SUM(E12/G12)),0,SUM(E12/G12)) -> 23.62561 | X12: =IF(OR(W12=0,N12="",R12=""),"",IF(W12>=$X$9,"HABIL","NO HABIL")) -> HABIL | Y12: =IF(ISERROR(SUM(H12/F12)),0,SUM(H12/F12)) -> 0.11624042 | Z12: =IF(OR(Y12=0,N12="",R12=""),"",IF(Y12<=$Z$9,"HABIL","NO HABIL")) -> HABIL | AA12: =+SUM(AA13:AA25) -> 0 | AB12: =IF(ISERROR(SUM(L12/M12)),0,SUM(L12/M12)) -> 391.19115 | AC12: =IF(OR(AB12=0,N12="",R12=""),"",IF(AB12>=$AC$9,"HABIL","NO HABIL")) -> HABIL | AD12: =IF(OR(T12="",V12="",X12="",Z12="",AC12=""),"",IF(T12="NO HABIL","HABIL",IF(V12="NO HABIL","HABIL",IF(X12="NO HABIL","NO HABIL",IF(Z12="NO HABIL","NO HABIL",IF(AC12="NO HABIL","NO HABIL",IF(AC12="NO HABIL","NO HABIL","HABIL"))))))) -> HABIL | AG12: =IF(ISERROR(SUM(L12/K12)),0,SUM(L12/K12)) -> 0.76589018 | AH12: =IF(OR(AG12=0,N12="",R12=""),"",IF(AG12>=$AH$9,"HABIL","NO HABIL")) -> HABIL | AI12: =IF(ISERROR(SUM(L12/F12)),0,SUM(L12/F12)) -> 0.67686278 | AJ12: =IF(OR(AI12=0,N12="",R12=""),"",IF(AI12>=$AJ$9,"HABIL","NO HABIL")) -> HABIL | AK12: =IF(OR(AH12="",AJ12=""),"",IF(AH12="NO HABIL","NO HABIL",IF(AJ12="NO HABIL","NO HABIL",IF(AJ12="NO HABIL","NO HABIL","HABIL")))) -> HABIL
B13: 2 | C13: CONSORCIO H&R | D13: 1 | E13: =E14+E15 -> 944834313 | F13: =F14+F15 -> 1432777513 | G13: =G14+G15 -> 14639000 | H13: =H14+H15 -> 233337061 | I13: =I14+I15 -> 930195313 | J13: =J14+J15 -> 1199440452 | K13: =K14+K15 -> 1199440452 | L13: =L14+L15 -> 133812117 | M13: =M14+M15 -> 15125000 | N13: 1 | O13: =IF(ISERROR(VLOOKUP(N13,POA!$A$2:$C$16,3,0)),"",VLOOKUP(N13,POA!$A$2:$C$16,3,0)) -> 7 | Q13: =IF(ISERROR(VLOOKUP(P13,POA!$A$2:$F$16,4,0)),"",VLOOKUP(P13,POA!$A$2:$F$16,4,0)) | R13: =IF(ISERROR(VLOOKUP(N13,POA!$A$2:$C$16,2,0)),"",VLOOKUP(N13,POA!$A$2:$C$16,2,0)) -> 309996612 | S13: =E13-G13 -> 930195313 | T13: =IF(OR(S12=0,N13="",R13=""),"",IF(S12>=(0.4*R13),"HABIL","NO HABIL")) -> HABIL | U13: =F13-H13 -> 1199440452 | V13: =IF(OR(U12=0,N13="",R13=""),"",IF(U12>=(0.5*R13),"HABIL","NO HABIL")) -> HABIL | W13: =IF(ISERROR(SUM(E13/G13)),0,SUM(E13/G13)) -> 64.542272 | X13: =IF(OR(W13=0,N13="",R13=""),"",IF(W13>=$X$9,"HABIL","NO HABIL")) -> HABIL | Y13: =IF(ISERROR(SUM(H13/F13)),0,SUM(H13/F13)) -> 0.16285645 | Z13: =IF(OR(Y13=0,N13="",R13=""),"",IF(Y13<=$Z$9,"HABIL","NO HABIL")) -> HABIL | AB13: =IF(ISERROR(SUM(L13/M13)),0,SUM(L13/M13)) -> 8.8470821 | AC13: =IF(OR(AB13=0,N13="",R13=""),"",IF(AB13>=$AC$9,"HABIL","NO HABIL")) -> HABIL | AD13: =IF(OR(T13="",V13="",X13="",Z13="",AC13=""),"",IF(T13="NO HABIL","NO HABIL",IF(V13="NO HABIL","NO HABIL",IF(X13="NO HABIL","NO HABIL",IF(Z13="NO HABIL","NO HABIL",IF(AC13="NO HABIL","NO HABIL",IF(AC13="NO HABIL","NO HABIL","HABIL"))))))) -> HABIL | AE13: =IF(ISERROR(F13/$AF$9),"",F13/$AF$9) -> 2528.2822 | AF13: =+IF(AE13<$AF$10,"MIPYME","NO CUMPLE") -> MIPYME | AG13: =IF(ISERROR(SUM(L13/K13)),0,SUM(L13/K13)) -> 0.11156212 | AH13: =IF(OR(AG13=0,N13="",R13=""),"",IF(AG12>=$AH$9,"HABIL","NO HABIL")) -> HABIL | AI13: =IF(ISERROR(SUM(L13/F13)),0,SUM(L13/F13)) -> 0.093393507 | AJ13: =IF(OR(AI13=0,N13="",R13=""),"",IF(AI13>=$AJ$9,"HABIL","NO HABIL")) -> HABIL | AK13: =IF(OR(AH13="",AJ13=""),"",IF(AH13="NO HABIL","NO HABIL",IF(AJ13="NO HABIL","NO HABIL",IF(AJ13="NO HABIL","NO HABIL","HABIL")))) -> HABIL
B14: 2.1 | C14: GUSTAVO ADOLFO CERON ORTEGA | D14: 0.5 | E14: 606619000 | F14: 997127000 | G14: 14639000 | H14: 233337061 | I14: =IF(ISERROR(E14-G14),"",E14-G14) -> 591980000 | J14: =IF(ISERROR(F14-H14),"",F14-H14) -> 763789939 | K14: =IF(ISERROR(F14-H14),"",F14-H14) -> 763789939 | L14: 70913000 | M14: 15125000 | N14: 1 | O14: =IF(ISERROR(VLOOKUP(N14,POA!$A$2:$C$16,3,0)),"",VLOOKUP(N14,POA!$A$2:$C$16,3,0)) -> 7 | Q14: =IF(ISERROR(VLOOKUP(P14,POA!$A$2:$F$16,4,0)),"",VLOOKUP(P14,POA!$A$2:$F$16,4,0)) | R14: =IF(ISERROR(VLOOKUP(N14,POA!$A$2:$C$16,2,0)),"",VLOOKUP(N14,POA!$A$2:$C$16,2,0)) -> 309996612 | S14: =E14-G14 -> 591980000 | T14: =IF(OR(S12=0,N14="",R14=""),"",IF(S12>=(0.4*R14),"HABIL","NO HABIL")) -> HABIL | U14: =F14-H14 -> 763789939 | V14: =IF(OR(U12=0,N14="",R14=""),"",IF(U12>=(0.5*R14),"HABIL","NO HABIL")) -> HABIL | W14: =IF(ISERROR(SUM(E14/G14)),0,SUM(E14/G14)) -> 41.438555 | X14: =IF(OR(W14=0,N14="",R14=""),"",IF(W14>=$X$9,"HABIL","NO HABIL")) -> HABIL | Y14: =IF(ISERROR(SUM(H14/F14)),0,SUM(H14/F14)) -> 0.23400937 | Z14: =IF(OR(Y14=0,N14="",R14=""),"",IF(Y14<=$Z$9,"HABIL","NO HABIL")) -> HABIL | AB14: =IF(ISERROR(SUM(L14/M14)),0,SUM(L14/M14)) -> 4.6884628 | AC14: =IF(OR(AB14=0,N14="",R14=""),"",IF(AB14>=$AC$9,"HABIL","NO HABIL")) -> HABIL | AD14: =IF(OR(T14="",V14="",X14="",Z14="",AC14=""),"",IF(T14="NO HABIL","NO HABIL",IF(V14="NO HABIL","NO HABIL",IF(X14="NO HABIL","NO HABIL",IF(Z14="NO HABIL","NO HABIL",IF(AC14="NO HABIL","NO HABIL",IF(AC14="NO HABIL","NO HABIL","HABIL"))))))) -> HABIL | AE14: =IF(ISERROR(F14/$AF$9),"",F14/$AF$9) -> 1759.5324 | AF14: =+IF(AE14<$AF$10,"MIPYME","NO CUMPLE") -> MIPYME | AG14: =IF(ISERROR(SUM(L14/K14)),0,SUM(L14/K14)) -> 0.09284359 | AH14: =IF(OR(AG14=0,N14="",R14=""),"",IF(AG14>=$AH$9,"HABIL","NO HABIL")) -> HABIL | AI14: =IF(ISERROR(SUM(L14/F14)),0,SUM(L14/F14)) -> 0.07111732 | AJ14: =IF(OR(AI14=0,N14="",R14=""),"",IF(AI14>=$AJ$9,"HABIL","NO HABIL")) -> HABIL | AK14: =IF(OR(AH14="",AJ14=""),"",IF(AH14="NO HABIL","NO HABIL",IF(AJ14="NO HABIL","NO HABIL",IF(AJ14="NO HABIL","NO HABIL","HABIL")))) -> HABIL
B15: 2.2 | C15: ALVARO HERNAN HURTADO BENAVIDES | D15: 0.5 | E15: 338215313 | F15: 435650513 | G15: 0 | H15: 0 | I15: =IF(ISERROR(E15-G15),"",E15-G15) -> 338215313 | J15: =IF(ISERROR(F15-H15),"",F15-H15) -> 435650513 | K15: =IF(ISERROR(F15-H15),"",F15-H15) -> 435650513 | L15: 62899117 | M15: 0 | N15: 1 | O15: =IF(ISERROR(VLOOKUP(N15,POA!$A$2:$C$16,3,0)),"",VLOOKUP(N15,POA!$A$2:$C$16,3,0)) -> 7 | Q15: =IF(ISERROR(VLOOKUP(P15,POA!$A$2:$F$16,4,0)),"",VLOOKUP(P15,POA!$A$2:$F$16,4,0)) | R15: =IF(ISERROR(VLOOKUP(N15,POA!$A$2:$C$16,2,0)),"",VLOOKUP(N15,POA!$A$2:$C$16,2,0)) -> 309996612 | S15: =E15-G15 -> 338215313 | T15: =IF(OR(S12=0,N15="",R15=""),"",IF(S12>=(0.4*R15),"HABIL","NO HABIL")) -> HABIL | U15: =F15-H15 -> 435650513 | V15: =IF(OR(U12=0,N15="",R15=""),"",IF(U12>=(0.5*R15),"HABIL","NO HABIL")) -> HABIL | W15: INDET | X15: =IF(OR(W15=0,N15="",R15=""),"",IF(W15>=$X$9,"HABIL","NO HABIL")) -> HABIL | Y15: 0 | Z15: HABIL | AA15: 0 | AB15: INDET | AC15: =IF(OR(AB15=0,N15="",R15=""),"",IF(AB15>=$AC$9,"HABIL","NO HABIL")) -> HABIL | AD15: =IF(OR(T15="",V15="",X15="",Z15="",AC15=""),"",IF(T15="NO HABIL","NO HABIL",IF(V15="NO HABIL","NO HABIL",IF(X15="NO HABIL","NO HABIL",IF(Z15="NO HABIL","NO HABIL",IF(AC15="NO HABIL","NO HABIL",IF(AC15="NO HABIL","NO HABIL","HABIL"))))))) -> HABIL | AE15: =IF(ISERROR(F15/$AF$9),"",F15/$AF$9) -> 768.7498 | AF15: =+IF(AE15<$AF$10,"MIPYME","NO CUMPLE") -> MIPYME | AG15: =IF(ISERROR(SUM(L15/K15)),0,SUM(L15/K15)) -> 0.14437976 | AH15: =IF(OR(AG15=0,N15="",R15=""),"",IF(AG15>=$AH$9,"HABIL","NO HABIL")) -> HABIL | AI15: =IF(ISERROR(SUM(L15/F15)),0,SUM(L15/F15)) -> 0.14437976 | AJ15: =IF(OR(AI15=0,N15="",R15=""),"",IF(AI15>=$AJ$9,"HABIL","NO HABIL")) -> HABIL | AK15: =IF(OR(AH15="",AJ15=""),"",IF(AH15="NO HABIL","NO HABIL",IF(AJ15="NO HABIL","NO HABIL",IF(AJ15="NO HABIL","NO HABIL","HABIL")))) -> HABIL
B16: 3 | C16: JOSE MAURICIO LOPEZ GAMBOA | D16: 1 | E16: 832543489 | F16: 1234481778 | G16: 19490386 | H16: 19490386 | I16: =IF(ISERROR(E16-G16),"",E16-G16) -> 813053103 | J16: =IF(ISERROR(F16-H16),"",F16-H16) -> 1214991392 | K16: =IF(ISERROR(F16-H16),"",F16-H16) -> 1214991392 | L16: 82614395 | M16: 45722 | N16: 1 | O16: =IF(ISERROR(VLOOKUP(N16,POA!$A$2:$C$16,3,0)),"",VLOOKUP(N16,POA!$A$2:$C$16,3,0)) -> 7 | R16: =IF(ISERROR(VLOOKUP(N16,POA!$A$2:$C$16,2,0)),"",VLOOKUP(N16,POA!$A$2:$C$16,2,0)) -> 309996612 | S16: =E16-G16 -> 813053103 | T16: =IF(OR(S13=0,N16="",R16=""),"",IF(S13>=(0.4*R16),"HABIL","NO HABIL")) -> HABIL | U16: =F16-H16 -> 1214991392 | V16: =IF(OR(U13=0,N16="",R16=""),"",IF(U13>=(0.5*R16),"HABIL","NO HABIL")) -> HABIL | W16: =IF(ISERROR(SUM(E16/G16)),0,SUM(E16/G16)) -> 42.715598 | X16: =IF(OR(W16=0,N16="",R16=""),"",IF(W16>=$X$9,"HABIL","NO HABIL")) -> HABIL | Y16: =IF(ISERROR(SUM(H16/F16)),0,SUM(H16/F16)) -> 0.015788314 | Z16: =IF(OR(Y16=0,N16="",R16=""),"",IF(Y16<=$Z$9,"HABIL","NO HABIL")) -> HABIL | AB16: =IF(ISERROR(SUM(L16/M16)),0,SUM(L16/M16)) -> 1806.885 | AC16: =IF(OR(AB16=0,N16="",R16=""),"",IF(AB16>=$AC$9,"HABIL","NO HABIL")) -> HABIL | AD16: =IF(OR(T16="",V16="",X16="",Z16="",AC16=""),"",IF(T16="NO HABIL","NO HABIL",IF(V16="NO HABIL","NO HABIL",IF(X16="NO HABIL","NO HABIL",IF(Z16="NO HABIL","NO HABIL",IF(AC16="NO HABIL","NO HABIL",IF(AC16="NO HABIL","NO HABIL","HABIL"))))))) -> HABIL | AG16: =IF(ISERROR(SUM(L16/K16)),0,SUM(L16/K16)) -> 0.067995869 | AH16: =IF(OR(AG16=0,N16="",R16=""),"",IF(AG16>=$AH$9,"HABIL","NO HABIL")) -> HABIL | AI16: =IF(ISERROR(SUM(L16/F16)),0,SUM(L16/F16)) -> 0.066922328 | AJ16: =IF(OR(AI16=0,N16="",R16=""),"",IF(AI16>=$AJ$9,"HABIL","NO HABIL")) -> HABIL | AK16: =IF(OR(AH16="",AJ16=""),"",IF(AH16="NO HABIL","NO HABIL",IF(AJ16="NO HABIL","NO HABIL",IF(AJ16="NO HABIL","NO HABIL","HABIL")))) -> HABIL
B17: 4 | C17: CONSORCIO CH 2020 | D17: =D18+D19 -> 1 | E17: =E18+E19 -> 449014561 | F17: =F18+F19 -> 2004464561 | G17: =G18+G19 -> 12530748 | H17: =H18+H19 -> 101250586 | I17: =+I18+I19 -> 436483813 | J17: =+J18+J19 -> 1903213975 | K17: =+K18+K19 -> 1903213975 | L17: =L18+L19 -> 187538392 | M17: =M18+M19 -> 9476307 | N17: 1 | O17: =IF(ISERROR(VLOOKUP(N17,POA!$A$2:$C$16,3,0)),"",VLOOKUP(N17,POA!$A$2:$C$16,3,0)) -> 7 | Q17: =IF(ISERROR(VLOOKUP(P17,POA!$A$2:$F$16,4,0)),"",VLOOKUP(P17,POA!$A$2:$F$16,4,0)) | R17: =IF(ISERROR(VLOOKUP(N17,POA!$A$2:$C$16,2,0)),"",VLOOKUP(N17,POA!$A$2:$C$16,2,0)) -> 309996612 | S17: =E17-G17 -> 436483813 | T17: =IF(OR(S14=0,N17="",R17=""),"",IF(S14>=(0.4*R17),"HABIL","NO HABIL")) -> HABIL | U17: =F17-H17 -> 1903213975 | V17: =IF(OR(U14=0,N17="",R17=""),"",IF(U14>=(0.5*R17),"HABIL","NO HABIL")) -> HABIL | W17: =IF(ISERROR(SUM(E17/G17)),0,SUM(E17/G17)) -> 35.833021 | X17: =IF(OR(W17=0,N17="",R17=""),"",IF(W17>=$X$9,"HABIL","NO HABIL")) -> HABIL | Y17: =IF(ISERROR(SUM(H17/F17)),0,SUM(H17/F17)) -> 0.050512535 | Z17: =IF(OR(Y17=0,N17="",R17=""),"",IF(Y17<=$Z$9,"HABIL","NO HABIL")) -> HABIL | AA17: 0 | AB17: =IF(ISERROR(SUM(L17/M17)),0,SUM(L17/M17)) -> 19.79024 | AC17: =IF(OR(AB17=0,N17="",R17=""),"",IF(AB17>=$AC$9,"HABIL","NO HABIL")) -> HABIL | AD17: =IF(OR(T17="",V17="",X17="",Z17="",AC17=""),"",IF(T17="NO HABIL","NO HABIL",IF(V17="NO HABIL","NO HABIL",IF(X17="NO HABIL","NO HABIL",IF(Z17="NO HABIL","NO HABIL",IF(AC17="NO HABIL","NO HABIL",IF(AC17="NO HABIL","NO HABIL","HABIL"))))))) -> HABIL | AE17: =IF(ISERROR(F17/$AF$9),"",F17/$AF$9) -> 3537.0823 | AF17: =+IF(AE17<$AF$10,"MIPYME","NO CUMPLE") -> MIPYME | AG17: =IF(ISERROR(SUM(L17/K17)),0,SUM(L17/K17)) -> 0.098537734 | AH17: =IF(OR(AG17=0,N17="",R17=""),"",IF(AG17>=$AH$9,"HABIL","NO HABIL")) -> HABIL | AI17: =IF(ISERROR(SUM(L17/F17)),0,SUM(L17/F17)) -> 0.093560343 | AJ17: =IF(OR(AI17=0,N17="",R17=""),"",IF(AI17>=$AJ$9,"HABIL","NO HABIL")) -> HABIL | AK17: =IF(OR(AH17="",AJ17=""),"",IF(AH17="NO HABIL","NO HABIL",IF(AJ17="NO HABIL","NO HABIL",IF(AJ17="NO HABIL","NO HABIL","HABIL")))) -> HABIL
B18: 4.1 | C18: CONSULTORIA HIDRAULICA S.A.S | D18: 0.5 | E18: 140129524 | F18: 140129524 | G18: 876000 | H18: 5686029 | I18: =IF(ISERROR(E18-G18),"",E18-G18) -> 139253524 | J18: =IF(ISERROR(F18-H18),"",F18-H18) -> 134443495 | K18: =IF(ISERROR(F18-H18),"",F18-H18) -> 134443495 | L18: 15101640 | M18: 956307 | N18: 1 | O18: =IF(ISERROR(VLOOKUP(N18,POA!$A$2:$C$16,3,0)),"",VLOOKUP(N18,POA!$A$2:$C$16,3,0)) -> 7 | Q18: =IF(ISERROR(VLOOKUP(P18,POA!$A$2:$F$16,4,0)),"",VLOOKUP(P18,POA!$A$2:$F$16,4,0)) | R18: =IF(ISERROR(VLOOKUP(N18,POA!$A$2:$C$16,2,0)),"",VLOOKUP(N18,POA!$A$2:$C$16,2,0)) -> 309996612 | S18: =E18-G18 -> 139253524 | T18: =IF(OR(S15=0,N18="",R18=""),"",IF(S15>=(0.4*R18),"HABIL","NO HABIL")) -> HABIL | U18: =F18-H18 -> 134443495 | V18: =IF(OR(U15=0,N18="",R18=""),"",IF(U15>=(0.5*R18),"HABIL","NO HABIL")) -> HABIL | W18: =IF(ISERROR(SUM(E18/G18)),0,SUM(E18/G18)) -> 159.96521 | X18: =IF(OR(W18=0,N18="",R18=""),"",IF(W18>=$X$9,"HABIL","NO HABIL")) -> HABIL | Y18: =IF(ISERROR(SUM(H18/F18)),0,SUM(H18/F18)) -> 0.040576952 | Z18: =IF(OR(Y18=0,N18="",R18=""),"",IF(Y18<=$Z$9,"HABIL","NO HABIL")) -> HABIL | AA18: 0 | AB18: =IF(ISERROR(SUM(L18/M18)),0,SUM(L18/M18)) -> 15.791623 | AC18: =IF(OR(AB18=0,N18="",R18=""),"",IF(AB18>=$AC$9,"HABIL","NO HABIL")) -> HABIL | AD18: =IF(OR(T18="",V18="",X18="",Z18="",AC18=""),"",IF(T18="NO HABIL","NO HABIL",IF(V18="NO HABIL","NO HABIL",IF(X18="NO HABIL","NO HABIL",IF(Z18="NO HABIL","NO HABIL",IF(AC18="NO HABIL","NO HABIL",IF(AC18="NO HABIL","NO HABIL","HABIL"))))))) -> HABIL | AE18: =IF(ISERROR(F18/$AF$9),"",F18/$AF$9) -> 247.27285 | AF18: =+IF(AE18<$AF$10,"MIPYME","NO CUMPLE") -> MIPYME | AG18: =IF(ISERROR(SUM(L18/K18)),0,SUM(L18/K18)) -> 0.11232704 | AH18: =IF(OR(AG18=0,N18="",R18=""),"",IF(AG18>=$AH$9,"HABIL","NO HABIL")) -> HABIL | AI18: =IF(ISERROR(SUM(L18/F18)),0,SUM(L18/F18)) -> 0.10776915 | AJ18: =IF(OR(AI18=0,N18="",R18=""),"",IF(AI18>=$AJ$9,"HABIL","NO HABIL")) -> HABIL | AK18: =IF(OR(AH18="",AJ18=""),"",IF(AH18="NO HABIL","NO HABIL",IF(AJ18="NO HABIL","NO HABIL",IF(AJ18="NO HABIL","NO HABIL","HABIL")))) -> HABIL
B19: 4.2 | C19: CASTAÑEDA LUGO FREDY AUGUSTO | D19: 0.5 | E19: 308885037 | F19: 1864335037 | G19: 11654748 | H19: 95564557 | I19: =IF(ISERROR(E19-G19),"",E19-G19) -> 297230289 | J19: =IF(ISERROR(F19-H19),"",F19-H19) -> 1768770480 | K19: =IF(ISERROR(F19-H19),"",F19-H19) -> 1768770480 | L19: 172436752 | M19: 8520000 | N19: 1 | O19: =IF(ISERROR(VLOOKUP(N19,POA!$A$2:$C$16,3,0)),"",VLOOKUP(N19,POA!$A$2:$C$16,3,0)) -> 7 | Q19: =IF(ISERROR(VLOOKUP(P19,POA!$A$2:$F$16,4,0)),"",VLOOKUP(P19,POA!$A$2:$F$16,4,0)) | R19: =IF(ISERROR(VLOOKUP(N19,POA!$A$2:$C$16,2,0)),"",VLOOKUP(N19,POA!$A$2:$C$16,2,0)) -> 309996612 | S19: =E19-G19 -> 297230289 | T19: =IF(OR(S16=0,N19="",R19=""),"",IF(S16>=(0.4*R19),"HABIL","NO HABIL")) -> HABIL | U19: =F19-H19 -> 1768770480 | V19: =IF(OR(U19=0,N19="",R19=""),"",IF(U16>=(0.5*R19),"HABIL","NO HABIL")) -> HABIL | W19: =IF(ISERROR(SUM(E19/G19)),0,SUM(E19/G19)) -> 26.502936 | X19: =IF(OR(W19=0,N19="",R19=""),"",IF(W19>=$X$9,"HABIL","NO HABIL")) -> HABIL | Y19: =IF(ISERROR(SUM(H19/F19)),0,SUM(H19/F19)) -> 0.051259326 | Z19: =IF(OR(Y19=0,N19="",R19=""),"",IF(Y19<=$Z$9,"HABIL","NO HABIL")) -> HABIL | AA19: 0 | AB19: =IF(ISERROR(SUM(L19/M19)),0,SUM(L19/M19)) -> 20.239055 | AC19: =IF(OR(AB19=0,N19="",R19=""),"",IF(AB19>=$AC$9,"HABIL","NO HABIL")) -> HABIL | AD19: =IF(OR(T19="",V19="",X19="",Z19="",AC19=""),"",IF(T19="NO HABIL","NO HABIL",IF(V19="NO HABIL","NO HABIL",IF(X19="NO HABIL","NO HABIL",IF(Z19="NO HABIL","NO HABIL",IF(AC19="NO HABIL","NO HABIL",IF(AC19="NO HABIL","NO HABIL","HABIL"))))))) -> HABIL | AE19: =IF(ISERROR(F19/$AF$9),"",F19/$AF$9) -> 3289.8095 | AF19: =+IF(AE19<$AF$10,"MIPYME","NO CUMPLE") -> MIPYME | AG19: =IF(ISERROR(SUM(L19/K19)),0,SUM(L19/K19)) -> 0.097489614 | AH19: =IF(OR(AG19=0,N19="",R19=""),"",IF(AG19>=$AH$9,"HABIL","NO HABIL")) -> HABIL | AI19: =IF(ISERROR(SUM(L19/F19)),0,SUM(L19/F19)) -> 0.092492362 | AJ19: =IF(OR(AI19=0,N19="",R19=""),"",IF(AI19>=$AJ$9,"HABIL","NO HABIL")) -> HABIL | AK19: =IF(OR(AH19="",AJ19=""),"",IF(AH19="NO HABIL","NO HABIL",IF(AJ19="NO HABIL","NO HABIL",IF(AJ19="NO HABIL","NO HABIL","HABIL")))) -> HABIL
B20: 5 | C20: CONSORCIO C&R | D20: =D21+D22 -> 1 | E20: =E21+E22 -> 1079066000 | F20: =F21+F22 -> 1428993000 | G20: =G21+G22 -> 54511000 | H20: =H21+H22 -> 144711000 | I20: =I21+I22 -> 1024555000 | J20: =J21+J22 -> 1284282000 | K20: =K21+K22 -> 1284282000 | ... M20: =M21+M22 -> 2995000 | N20: 1 | O20: =IF(ISERROR(VLOOKUP(N20,POA!$A$2:$C$16,3,0)),"",VLOOKUP(N20,POA!$A$2:$C$16,3,0)) -> 7 | Q20: =IF(ISERROR(VLOOKUP(P20,POA!$A$2:$F$16,4,0)),"",VLOOKUP(P20,POA!$A$2:$F$16,4,0)) | R20: =IF(ISERROR(VLOOKUP(N20,POA!$A$2:$C$16,2,0)),"",VLOOKUP(N20,POA!$A$2:$C$16,2,0)) -> 309996612 | S20: =E20-G20 -> 1024555000 | T20: =IF(OR(S17=0,N20="",R20=""),"",IF(S17>=(0.4*R20),"HABIL","NO HABIL")) -> HABIL | U20: =F20-H20 -> 1284282000 | V20: =IF(OR(U17=0,N20="",R20=""),"",IF(U17>=(0.5*R20),"HABIL","NO HABIL")) -> HABIL | W20: =IF(ISERROR(SUM(E20/G20)),0,SUM(E20/G20)) -> 19.795381 | X20: =IF(OR(W20=0,N20="",R20=""),"",IF(W20>=$X$9,"HABIL","NO HABIL")) -> HABIL | Y20: =IF(ISERROR(SUM(H20/F20)),0,SUM(H20/F20)) -> 0.10126782 | Z20: =IF(OR(Y20=0,N20="",R20=""),"",IF(Y20<=$Z$9,"HABIL","NO HABIL")) -> HABIL | AA20: 0 | AB20: =IF(ISERROR(SUM(L20/M20)),0,SUM(L20/M20)) -> 81.287145 | AC20: =IF(OR(AB20=0,N20="",R20=""),"",IF(AB20>=$AC$9,"HABIL","NO HABIL")) -> HABIL | AD20: =IF(OR(T20="",V20="",X20="",Z20="",AC20=""),"",IF(T20="NO HABIL","NO HABIL",IF(V20="NO HABIL","NO HABIL",IF(X20="NO HABIL","NO HABIL",IF(Z20="NO HABIL","NO HABIL",IF(AC20="NO HABIL","NO HABIL",IF(AC20="NO HABIL","NO HABIL","HABIL"))))))) -> HABIL | AE20: =IF(ISERROR(F20/$AF$9),"",F20/$AF$9) -> 2521.604 | AF20: =+IF(AE20<$AF$10,"MIPYME","NO CUMPLE") -> MIPYME | AG20: =IF(ISERROR(SUM(L20/K20)),0,SUM(L20/K20)) -> 0.18956506 | AH20: =IF(OR(AG20=0,N20="",R20=""),"",IF(AG20>=$AH$9,"HABIL","NO HABIL")) -> HABIL | AI20: =IF(ISERROR(SUM(L20/F20)),0,SUM(L20/F20)) -> 0.17036822 | AJ20: =IF(OR(AI20=0,N20="",R20=""),"",IF(AI20>=$AJ$9,"HABIL","NO HABIL")) -> HABIL | AK20: =IF(OR(AH20="",AJ20=""),"",IF(AH20="NO HABIL","NO HABIL",IF(AJ20="NO HABIL","NO HABIL",IF(AJ20="NO HABIL","NO HABIL","HABIL")))) -> HABIL
B21: 5.1 | C21: CEPEDA VEGA JOSE | D21: 0.5 | E21: 510266000 | F21: 711266000 | G21: 1011000 | H21: 72011000 | I21: =IF(ISERROR(E21-G21),"",E21-G21) -> 509255000 | J21: =IF(ISERROR(F21-H21),"",F21-H21) -> 639255000 | K21: =IF(ISERROR(F21-H21),"",F21-H21) -> 639255000 | L21: 31000000 | M21: 2150000 | N21: 1 | O21: =IF(ISERROR(VLOOKUP(N21,POA!$A$2:$C$16,3,0)),"",VLOOKUP(N21,POA!$A$2:$C$16,3,0)) -> 7 | Q21: =IF(ISERROR(VLOOKUP(P21,POA!$A$2:$F$16,4,0)),"",VLOOKUP(P21,POA!$A$2:$F$16,4,0)) | R21: =IF(ISERROR(VLOOKUP(N21,POA!$A$2:$C$16,2,0)),"",VLOOKUP(N21,POA!$A$2:$C$16,2,0)) -> 309996612 | S21: =E21-G21 -> 509255000 | T21: =IF(OR(S18=0,N21="",R21=""),"",IF(S18>=(0.4*R21),"HABIL","NO HABIL")) -> HABIL | U21: =F21-H21 -> 639255000 | V21: =IF(OR(U18=0,N21="",R21=""),"",IF(U18>=(0.5*R21),"HABIL","NO HABIL")) -> NO HABIL | W21: =IF(ISERROR(SUM(E21/G21)),0,SUM(E21/G21)) -> 504.71414 | X21: =IF(OR(W21=0,N21="",R21=""),"",IF(W21>=$X$9,"HABIL","NO HABIL")) -> HABIL | Y21: =IF(ISERROR(SUM(H21/F21)),0,SUM(H21/F21)) -> 0.10124342 | Z21: =IF(OR(Y21=0,N21="",R21=""),"",IF(Y21<=$Z$9,"HABIL","NO HABIL")) -> HABIL | AA21: 0 | AB21: =IF(ISERROR(SUM(L21/M21)),0,SUM(L21/M21)) -> 14.418605 | AC21: =IF(OR(AB21=0,N21="",R21=""),"",IF(AB21>=$AC$9,"HABIL","NO HABIL")) -> HABIL | AD21: =IF(OR(T21="",V21="",X21="",Z21="",AC21=""),"",IF(T21="NO HABIL","NO HABIL",IF(V21="NO HABIL","NO HABIL",IF(X21="NO HABIL","NO HABIL",IF(Z21="NO HABIL","NO HABIL",IF(AC21="NO HABIL","NO HABIL",IF(AC21="NO HABIL","NO HABIL","HABIL"))))))) -> NO HABIL | AE21: =IF(ISERROR(F21/$AF$9),"",F21/$AF$9) -> 1255.1015 | AF21: =+IF(AE21<$AF$10,"MIPYME","NO CUMPLE") -> MIPYME | AG21: =IF(ISERROR(SUM(L21/K21)),0,SUM(L21/K21)) -> 0.04849395 | AH21: =IF(OR(AG21=0,N21="",R21=""),"",IF(AG21>=$AH$9,"HABIL","NO HABIL")) -> HABIL | AI21: =IF(ISERROR(SUM(L21/F21)),0,SUM(L21/F21)) -> 0.043584257 | AJ21: =IF(OR(AI21=0,N21="",R21=""),"",IF(AI21>=$AJ$9,"HABIL","NO HABIL")) -> HABIL | AK21: =IF(OR(AH21="",AJ21=""),"",IF(AH21="NO HABIL","NO HABIL",IF(AJ21="NO HABIL","NO HABIL",IF(AJ21="NO HABIL","NO HABIL","HABIL")))) -> HABIL
B22: 5.2 | C22: ROKAVIA | D22: 0.5 | E22: 568800000 | F22: 717727000 | G22: 53500000 | H22: 72700000 | I22: =IF(ISERROR(E22-G22),"",E22-G22) -> 515300000 | J22: =IF(ISERROR(F22-H22),"",F22-H22) -> 645027000 | K22: =IF(ISERROR(F22-H22),"",F22-H22) -> 645027000 | L22: 212455000 | M22: 845000 | N22: 1 | O22: =IF(ISERROR(VLOOKUP(N22,POA!$A$2:$C$16,3,0)),"",VLOOKUP(N22,POA!$A$2:$C$16,3,0)) -> 7 | R22: =IF(ISERROR(VLOOKUP(N22,POA!$A$2:$C$16,2,0)),"",VLOOKUP(N22,POA!$A$2:$C$16,2,0)) -> 309996612 | S22: =E22-G22 -> 515300000 | T22: =IF(OR(S19=0,N22="",R22=""),"",IF(S19>=(0.4*R22),"HABIL","NO HABIL")) -> HABIL | U22: =F22-H22 -> 645027000 | V22: =IF(OR(U19=0,N22="",R22=""),"",IF(U19>=(0.5*R22),"HABIL","NO HABIL")) -> HABIL | W22: =IF(ISERROR(SUM(E22/G22)),0,SUM(E22/G22)) -> 10.631776 | X22: =IF(OR(W22=0,N22="",R22=""),"",IF(W22>=$X$9,"HABIL","NO HABIL")) -> HABIL | Y22: =IF(ISERROR(SUM(H22/F22)),0,SUM(H22/F22)) -> 0.101292 | Z22: =IF(OR(Y22=0,N22="",R22=""),"",IF(Y22<=$Z$9,"HABIL","NO HABIL")) -> HABIL | AB22: =IF(ISERROR(SUM(L22/M22)),0,SUM(L22/M22)) -> 251.42604 | AC22: =IF(OR(AB22=0,N22="",R22=""),"",IF(AB22>=$AC$9,"HABIL","NO HABIL")) -> HABIL | AD22: =IF(OR(T22="",V22="",X22="",Z22="",AC22=""),"",IF(T22="NO HABIL","NO HABIL",IF(V22="NO HABIL","NO HABIL",IF(X22="NO HABIL","NO HABIL",IF(Z22="NO HABIL","NO HABIL",IF(AC22="NO HABIL","NO HABIL",IF(AC22="NO HABIL","NO HABIL","HABIL"))))))) -> HABIL | AE22: =IF(ISERROR(F22/$AF$9),"",F22/$AF$9) -> 1266.5026 | AF22: =+IF(AE22<$AF$10,"MIPYME","NO CUMPLE") -> MIPYME | AG22: =IF(ISERROR(SUM(L22/K22)),0,SUM(L22/K22)) -> 0.32937381 | AH22: =IF(OR(AG22=0,N22="",R22=""),"",IF(AG22>=$AH$9,"HABIL","NO HABIL")) -> HABIL | AI22: =IF(ISERROR(SUM(L22/F22)),0,SUM(L22/F22)) -> 0.29601088 | AJ22: =IF(OR(AI22=0,N22="",R22=""),"",IF(AI22>=$AJ$9,"HABIL","NO HABIL")) -> HABIL | AK22: =IF(OR(AH22="",AJ22=""),"",IF(AH22="NO HABIL","NO HABIL",IF(AJ22="NO HABIL","NO HABIL",IF(AJ22="NO HABIL","NO HABIL","HABIL")))) -> HABIL
B23: 6 | C23: CONSORCIO TRIDELSA | D23: =D24+D25 -> 1 | E23: =E24+E25 -> 1673054437 | F23: =F24+F25 -> 2309546870 | G23: =G24+G25 -> 343979157 | H23: =H24+H25 -> 993024867 | I23: =I24+I25 -> 1329075280 | J23: =J24+J25 -> 1316522003 | K23: =K24+K25 -> 1316522003 | ... M23: =M24+M25 -> 28117881 | N23: 1 | O23: =IF(ISERROR(VLOOKUP(N23,POA!$A$2:$C$16,3,0)),"",VLOOKUP(N23,POA!$A$2:$C$16,3,0)) -> 7 | R23: =IF(ISERROR(VLOOKUP(N23,POA!$A$2:$C$16,2,0)),"",VLOOKUP(N23,POA!$A$2:$C$16,2,0)) -> 309996612 | S23: =E23-G23 -> 1329075280 | T23: =IF(OR(S20=0,N23="",R23=""),"",IF(S20>=(0.4*R23),"HABIL","NO HABIL")) -> HABIL | U23: =F23-H23 -> 1316522003 | V23: =IF(OR(U20=0,N23="",R23=""),"",IF(U20>=(0.5*R23),"HABIL","NO HABIL")) -> HABIL | W23: =IF(ISERROR(SUM(E23/G23)),0,SUM(E23/G23)) -> 4.863825 | X23: =IF(OR(W23=0,N23="",R23=""),"",IF(W23>=$X$9,"HABIL","NO HABIL")) -> HABIL | Y23: =IF(ISERROR(SUM(H23/F23)),0,SUM(H23/F23)) -> 0.42996524 | Z23: =IF(OR(Y23=0,N23="",R23=""),"",IF(Y23<=$Z$9,"HABIL","NO HABIL")) -> HABIL | AB23: =IF(ISERROR(SUM(L23/M23)),0,SUM(L23/M23)) -> 6.9562254 | AC23: =IF(OR(AB23=0,N23="",R23=""),"",IF(AB23>=$AC$9,"HABIL","NO HABIL")) -> HABIL | AD23: =IF(OR(T23="",V23="",X23="",Z23="",AC23=""),"",IF(T23="NO HABIL","NO HABIL",IF(V23="NO HABIL","NO HABIL",IF(X23="NO HABIL","NO HABIL",IF(Z23="NO HABIL","NO HABIL",IF(AC23="NO HABIL","NO HABIL",IF(AC23="NO HABIL","NO HABIL","HABIL"))))))) -> HABIL | AG23: =IF(ISERROR(SUM(L23/K23)),0,SUM(L23/K23)) -> 0.14856897 | AH23: =IF(OR(AG23=0,N23="",R23=""),"",IF(AG23>=$AH$9,"HABIL","NO HABIL")) -> HABIL | AI23: =IF(ISERROR(SUM(L23/F23)),0,SUM(L23/F23)) -> 0.084689478 | AJ23: =IF(OR(AI23=0,N23="",R23=""),"",IF(AI23>=$AJ$9,"HABIL","NO HABIL")) -> HABIL | AK23: =IF(OR(AH23="",AJ23=""),"",IF(AH23="NO HABIL","NO HABIL",IF(AJ23="NO HABIL","NO HABIL",IF(AJ23="NO HABIL","NO HABIL","HABIL")))) -> HABIL
B24: 6.1 | C24: MARTA CECILIA TRIVIÑO DELGADILLO | D24: 0.5 | E24: 1673054437 | F24: 2309546870 | G24: 343979157 | H24: 993024867 | I24: =IF(ISERROR(E24-G24),"",E24-G24) -> 1329075280 | J24: =IF(ISERROR(F24-H24),"",F24-H24) -> 1316522003 | K24: =IF(ISERROR(F24-H24),"",F24-H24) -> 1316522003 | L24: 195594318 | M24: 28117881 | N24: 1 | O24: =IF(ISERROR(VLOOKUP(N24,POA!$A$2:$C$16,3,0)),"",VLOOKUP(N24,POA!$A$2:$C$16,3,0)) -> 7 | R24: =IF(ISERROR(VLOOKUP(N24,POA!$A$2:$C$16,2,0)),"",VLOOKUP(N24,POA!$A$2:$C$16,2,0)) -> 309996612 | S24: =E24-G24 -> 1329075280 | T24: =IF(OR(S21=0,N24="",R24=""),"",IF(S21>=(0.4*R24),"HABIL","NO HABIL")) -> HABIL | U24: =F24-H24 -> 1316522003 | V24: =IF(OR(U21=0,N24="",R24=""),"",IF(U21>=(0.5*R24),"HABIL","NO HABIL")) -> HABIL | W24: =IF(ISERROR(SUM(E24/G24)),0,SUM(E24/G24)) -> 4.863825 | X24: =IF(OR(W24=0,N24="",R24=""),"",IF(W24>=$X$9,"HABIL","NO HABIL")) -> HABIL | Y24: =IF(ISERROR(SUM(H24/F24)),0,SUM(H24/F24)) -> 0.42996524 | Z24: =IF(OR(Y24=0,N24="",R24=""),"",IF(Y24<=$Z$9,"HABIL","NO HABIL")) -> HABIL | AB24: =IF(ISERROR(SUM(L24/M24)),0,SUM(L24/M24)) -> 6.9562254 | AC24: =IF(OR(AB24=0,N24="",R24=""),"",IF(AB24>=$AC$9,"HABIL","NO HABIL")) -> HABIL | AD24: =IF(OR(T24="",V24="",X24="",Z24="",AC24=""),"",IF(T24="NO HABIL","NO HABIL",IF(V24="NO HABIL","NO HABIL",IF(X24="NO HABIL","NO HABIL",IF(Z24="NO HABIL","NO HABIL",IF(AC24="NO HABIL","NO HABIL",IF(AC24="NO HABIL","NO HABIL","HABIL"))))))) -> HABIL | AG24: =IF(ISERROR(SUM(L24/K24)),0,SUM(L24/K24)) -> 0.14856897 | AH24: =IF(OR(AG24=0,N24="",R24=""),"",IF(AG24>=$AH$9,"HABIL","NO HABIL")) -> HABIL | AI24: =IF(ISERROR(SUM(L24/F24)),0,SUM(L24/F24)) -> 0.084689478 | AJ24: =IF(OR(AI24=0,N24="",R24=""),"",IF(AI24>=$AJ$9,"HABIL","NO HABIL")) -> HABIL | AK24: =IF(OR(AH24="",AJ24=""),"",IF(AH24="NO HABIL","NO HABIL",IF(AJ24="NO HABIL","NO HABIL",IF(AJ24="NO HABIL","NO HABIL","HABIL")))) -> HABIL
B25: 6.2 | C25: TRIDELSA INGENIEROS ASOCIADOS S.A.S. | D25: 0.5 | E25: 0 | F25: 0 | G25: 0 | H25: 0 | I25: =IF(ISERROR(E25-G25),"",E25-G25) -> 0 | J25: =IF(ISERROR(F25-H25),"",F25-H25) -> 0 | K25: =IF(ISERROR(F25-H25),"",F25-H25) -> 0 | L25: 0 | M25: 0 | N25: 1 | O25: =IF(ISERROR(VLOOKUP(N25,POA!$A$2:$C$16,3,0)),"",VLOOKUP(N25,POA!$A$2:$C$16,3,0)) -> 7 | Q25: =IF(ISERROR(VLOOKUP(P25,POA!$A$2:$F$16,4,0)),"",VLOOKUP(P25,POA!$A$2:$F$16,4,0)) | R25: =IF(ISERROR(VLOOKUP(N25,POA!$A$2:$C$16,2,0)),"",VLOOKUP(N25,POA!$A$2:$C$16,2,0)) -> 309996612 | S25: =E25-G25 -> 0 | T25: =IF(OR(S12=0,N25="",R25=""),"",IF(S12>=(0.4*R25),"HABIL","NO HABIL")) -> HABIL | U25: =F25-H25 -> 0 | V25: =IF(OR(U25=0,N25="",R25=""),"",IF(U22>=(0.5*R25),"HABIL","NO HABIL")) | W25: =IF(ISERROR(SUM(E25/G25)),0,SUM(E25/G25)) -> 0 | X25: =IF(OR(W25=0,N25="",R25=""),"",IF(W25>=$X$9,"HABIL","NO HABIL")) | Y25: =IF(ISERROR(SUM(H25/F25)),0,SUM(H25/F25)) -> 0 | Z25: =IF(OR(Y12=0,N25="",R25=""),"",IF(Y12<=$Z$9,"HABIL","NO HABIL")) -> HABIL | AA25: 0 | AB25: =IF(ISERROR(SUM(L25/M25)),0,SUM(L25/M25)) -> 0 | AC25: =IF(OR(AB22=0,N25="",R25=""),"",IF(AB22>=$AC$9,"HABIL","NO HABIL")) -> HABIL | AD25: =IF(OR(T25="",V25="",X25="",Z25="",AC25=""),"",IF(T25="NO HABIL","NO HABIL",IF(V25="NO HABIL","NO HABIL",IF(X25="NO HABIL","NO HABIL",IF(Z25="NO HABIL","NO HABIL",IF(AC25="NO HABIL","NO HABIL",IF(AC25="NO HABIL","NO HABIL","HABIL"))))))) | AE25: =IF(ISERROR(F25/$AF$9),"",F25/$AF$9) -> 0 | AF25: =+IF(AE25<$AF$10,"MIPYME","NO CUMPLE") -> MIPYME | AG25: =IF(ISERROR(SUM(L25/K25)),0,SUM(L25/K25)) -> 0 | AH25: =IF(OR(AG16=0,N25="",R25=""),"",IF(AG16>=$AH$9,"HABIL","NO HABIL")) -> HABIL | AI25: =IF(ISERROR(SUM(L25/F25)),0,SUM(L25/F25)) -> 0 | AJ25: =IF(OR(AI25=0,N25="",R25=""),"",IF(AI16>=$AJ$9,"HABIL","NO HABIL")) | AK25: =IF(OR(AH25="",AJ25=""),"",IF(AH25="NO HABIL","NO HABIL",IF(AJ25="NO HABIL","NO HABIL",IF(AJ25="NO HABIL","NO HABIL","HABIL"))))
AE26: =IF(ISERROR(F26/$AF$9),"",F26/$AF$9) -> 0 | AF26: =+IF(AE26<$AF$10,"MIPYME","NO CUMPLE") -> MIPYME
AE27: =IF(ISERROR(F27/$AF$9),"",F27/$AF$9) -> 0 | AF27: =+IF(AE27<$AF$10,"MIPYME","NO CUMPLE") -> MIPYME

Sheet Puntaje Exp
C2: INSTITUTO NACIONAL DE VIAS
C3: DIRECCIÓN DE CONTRATACIÓN
C4: SA-MC-DT-NAR-001-2021
C5: PUNTAJE POR EXPERIENCIA
C7: OFERTA | D7: PROPONENTE | E7: Porcentaje de Participación para este Proceso (A) | F7: VALOR TOTAL DE LOS CONTRATOS EJECUTADOS | G7: VALOR TOTAL DE LOS CONTRATOS EJECUTADOS EN SMMLV (B) | H7: PRESUPUESTO OFICIAL ESTIMADO (POE) EN SMMLV (C) | I7: PUNTAJE POR EXPERIENCIA
I8: RESULTADO B / (C * A) | J8: Rangos: Mayor a 0 y Menor o Igual a 3 = 60 Puntos Mayor a 3 y Menor o Igual a 6 = 80 Puntos Mayor a 6 y Menor o Igual a 10 = 100 Puntos Mayor a 10 y Mayores = 120 Puntos
A9: Módulo | C9: 1 | D9: CONSORCIO ANFER-GIRALDO COSUC | E9: 1 | F9: 8818688764 | G9: 9706.5893 | H9: 341.2083 | I9: 28.447694 | J9: 120
A10: 1 | C10: 1.1 | D10: ANFER INGENIERIA S.A.S | E10: 0.95 | F10: 0 | G10: 0
C11: 1.2 | D11: César Augusto Giraldo Atehortúa | E11: 0.05 | F11: 8818688764 | G11: 9706.5893
C12: 2 | D12: LUISA FERNANDA AVALOS PERALTA | E12: 1 | F12: 7.7989253e+09 | G12: 8584.152 | H12: 341.2083 | I12: 25.158098 | J12: 120
C13: 3 | D13: GEPAV S.A.S | E13: 1 | F13: 5.8185687e+10 | G13: 64044.053 | H13: 341.2083 | I13: 187.69782 | J13: 120
C14: 4 | D14: RDM SAS | E14: 1 | F14: 9.4027063e+09 | G14: 10349.408 | H14: 341.2083 | I14: 30.331642 | J14: 120
C15: 5 | D15: ZENAIDA SANTANDER BURITICA | E15: 1 | F15: 6488833604 | G15: 7142.1551 | H15: 341.2083 | I15: 20.93195 | J15: 120
C16: 6 | D16: JET | E16: 1 | F16: 1.9113908e+10 | G16: 21038.372 | H16: 341.2083 | I16: 61.658441 | J16: 120

Sheet Puntaje CT
C2: INSTITUTO NACIONAL DE VIAS
C3: DIRECCIÓN DE CONTRATACIÓN
C4: SA-MC-DT-NAR-001-2021
C5: PUNTAJE POR CAPACIDAD TÉCNICA
C7: OFERTA | D7: PROPONENTE | E7: PROFESIONALES VINCULADOS | F7: PUNTAJE POR CAPACIDAD TÉCNICA
E8: Numeros de Socios y Profesionales de la Arquitectura , Ingenierìa y Geologìa vinculados mediante relaciòn laboral o contractual en actividades relacionadas directamente a la construcciòn | F8: Rangos: Desde 1 hasta 5 = 20 Puntos Desde 6 hasta 10 = 30 Puntos Desde 11 hasta mayores = 40 Puntos
C9: 1 | D9: CONSORCIO ANFER-GIRALDO COSUC | E9: 3 | F9: 20
C10: 2 | D10: LUISA FERNANDA AVALOS PERALTA | E10: 1 | F10: 20
C11: 3 | D11: GEPAV S.A.S | E11: 2 | F11: 20
C12: 4 | D12: RDM SAS | E12: 1 | F12: 20
C13: 5 | D13: ZENAIDA SANTANDER BURITICA | E13: 1 | F13: 20
C14: 6 | D14: JET | E14: 1 | F14: 20

Sheet Puntaje CF
C2: INSTITUTO NACIONAL DE VIAS
C3: DIRECCIÓN DE CONTRATACIÓN
C4: SA-MC-DT-NAR-001-2021
C5: PUNTAJE POR CAPACIDAD FINANCIERA
C7: OFERTA | D7: PROPONENTE | E7: ACTIVOS CORRIENTES (A) | F7: PASIVOS CORRIENTES (B) | G7: ÍNDICE DE LIQUIDEZ (A) / (B) = (C) | H7: PUNTAJE POR CAPACIDAD FINANCIERA
H8: Rangos: Mayor a 0 y Menor o Igual a 0,5 = 20 Puntos Mayor a 0,5 y Menor o Igual a 0,75 = 25 Puntos Mayor a 0,75 y Menor o Igual a 1,00 = 30 Puntos Mayor a 1,00 y Menor o Igual a 1,5 = 35 Puntos Mayor a 1,5 y Mayores = 40 Puntos
C9: 1 | D9: CONSORCIO ANFER-GIRALDO COSUC | E9: 5824766292 | F9: 460521096 | G9: 12.648207 | H9: 40
C10: 1.1 | D10: ANFER INGENIERIA S.A.S | E10: 5140608292 | F10: 392201096
C11: 1.2 | D11: César Augusto Giraldo Atehortúa | E11: 684158000 | F11: 68320000
C12: 2 | D12: LUISA FERNANDA AVALOS PERALTA | E12: 370846798 | F12: 75000000 | G12: 4.944624 | H12: 40
C13: 3 | D13: GEPAV S.A.S | E13: 1664755787 | F13: 117164706 | G13: 14.20868 | H13: 40
C14: 4 | D14: RDM SAS | E14: 673997885 | F14: 12389204 | G14: 54.402033 | H14: 40
C15: 5 | D15: ZENAIDA SANTANDER BURITICA | E15: 323703581 | F15: 6310000 | G15: 51.300092 | H15: 40
C16: 6 | D16: JET | E16: 1377407022 | F16: 192651158 | G16: 7.1497469 | H16: 40

Sheet Saldo CtosEjecución
C2: INSTITUTO NACIONAL DE VIAS
C3: DIRECCIÓN DE CONTRATACIÓN
C4: SA-MC-DT-NAR-001-2021
C5: SALDO CONTRATOS EN EJECUCIÓN
C7: OFERTA | D7: PROPONENTE | E7: TOTAL SALDOS CONTRATOS EN EJECUCION
C9: 1 | D9: CONSORCIO ANFER-GIRALDO COSUC | E9: 0
C10: 1.1 | D10: ANFER INGENIERIA S.A.S | E10: 0
C11: 1.2 | D11: César Augusto Giraldo Atehortúa | E11: 0
C12: 2 | D12: LUISA FERNANDA AVALOS PERALTA | E12: 34953997
C13: 3 | D13: GEPAV S.A.S | E13: 0
C14: 4 | D14: RDM SAS | E14: 0
C15: 5 | D15: ZENAIDA SANTANDER BURITICA | E15: 45576545
C16: 6 | D16: JET | E16: 0

Sheet Cap Organización
C2: INSTITUTO NACIONAL DE VIAS
C3: DIRECCIÓN DE CONTRATACIÓN
C4: SA-MC-DT-NAR-001-2021
C5: CAPACIDAD DE ORGANIZACIÓN
C7: OFERTA | D7: PROPONENTE | E7: CAPACIDAD DE ORGANIZACIÓN (En Pesos)
E8: Fórmula: Cinco (5) años o más: Mayor Ingreso Operacional de los ultimos 5 años Entre uno (1) y cinco (5) años: Mayor Ingreso Operacional de los años de vida del Oferente Menos de un (1) año: USD $ 125.000
C9: 1 | D9: CONSORCIO ANFER-GIRALDO COSUC | E9: 884045000
C10: 1.1 | D10: ANFER INGENIERIA S.A.S | E10: 0
C11: 1.2 | D11: César Augusto Giraldo Atehortúa | E11: 884045000
C12: 2 | D12: LUISA FERNANDA AVALOS PERALTA | E12: 585218587
C13: 3 | D13: GEPAV S.A.S | E13: 5349514814
C14: 4 | D14: RDM SAS | E14: 1827437000
C15: 5 | D15: ZENAIDA SANTANDER BURITICA | E15: 655700110
C16: 6 | D16: JET | E16: 2950984362

Sheet Capacidad Residual
C2: INSTITUTO NACIONAL DE VIAS
C3: DIRECCIÓN DE CONTRATACIÓN
C4: SA-MC-DT-NAR-001-2021
C5: CAPACIDAD RESIDUAL
C7: OFERTA | D7: PROPONENTE | E7: Porcentaje de Participación para este Proceso | F7: MÓDULO | G7: PRESUPUESTO OFICIAL ESTIMADO (POE) | H7: Anticipo | I7: PLAZO | J7: CAPACIDAD RESIDUAL DEL PROCESO DE CONTRATACION | K7: CAPACIDAD DE ORGANIZACIÓN | L7: EXPERIENCIA | M7: MODULOS ADJUDICADOS | N7: VALOR CAPITAL DE TRABAJO DEMANDADO MODULOS ADJUDICADOS | O7: CAPACIDAD TÉCNICA | P7: CAPACIDAD FINANCIERA | Q7: SALDOS CONTRATOS EN EJECUCIÓN | R7: CAPACIDAD RESIDUAL DEL PROPONENTE | S7: CAPACIDAD RESIDUAL DE CONTRATACIÓN
E8: (%) | G8: En Pesos Colombianos | H8: En Pesos Colombianos | J8: Formula: Si el plazo es menor a 12 meses (POE - Anticipo), si el plazo es mayor a 12 meses [(POE- Anticipo)/Plazo]x12 | K8: En Pesos | L8: Puntaje | O8: Puntaje | P8: Puntaje | Q8: En Pesos | R8: Formula: CO * [(E+CT-CF)/100] - SCE | S8: HABIL / NO HABIL
C10: 1 | D10: CONSORCIO ANFER-GIRALDO COSUC | E10: 1 | F10: 1 | G10: 309996612 | H10: 0 | I10: 7 | J10: 309996612 | K10: 884045000 | L10: 120 | M10: 0 | O10: 20 | P10: 40 | Q10: 0 | R10: 1591281000 | S10: HABIL
C11: 2 | D11: LUISA FERNANDA AVALOS PERALTA | E11: 1 | F11: 1 | G11: 309996612 | H11: 0 | I11: 7 | J11: 309996612 | K11: 585218587 | L11: 120 | M11: 0 | O11: 20 | P11: 40 | Q11: 34953997 | R11: 1.0184395e+09 | S11: HABIL
C12: 3 | D12: GEPAV S.A.S | E12: 1 | F12: 1 | G12: 309996612 | H12: 0 | I12: 7 | J12: 309996612 | K12: 5349514814 | L12: 120 | M12: 0 | O12: 20 | P12: 40 | Q12: 0 | R12: 9.6291267e+09 | S12: HABIL
C13: 4 | D13: RDM SAS | E13: 1 | F13: 1 | G13: 309996612 | H13: 0 | I13: 7 | J13: 309996612 | K13: 1827437000 | L13: 120 | M13: 0 | O13: 20 | P13: 40 | Q13: 0 | R13: 3289386600 | S13: HABIL
C14: 5 | D14: ZENAIDA SANTANDER BURITICA | E14: 1 | F14: 1 | G14: 309996612 | H14: 0 | I14: 7 | J14: 309996612 | K14: 655700110 | L14: 120 | M14: 0 | O14: 20 | P14: 40 | Q14: 45576545 | R14: 1.1346837e+09 | S14: HABIL
C15: 6 | D15: JET | E15: 1 | F15: 1 | G15: 309996612 | H15: 0 | I15: 7 | J15: 309996612 | K15: 2950984362 | L15: 120 | M15: 0 | O15: 20 | P15: 40 | Q15: 0 | R15: 5.3117719e+09 | S15: HABIL

Sheet PO
A1: ANEXO 1 - ADENDO 4 - DG-164-2004
A3: NUMERO DE GRUPO | B3: TOTAL GRUPO DE TRAMOS
A5: Tramo 01 | B5: 1.6097533e+10
A6: Tramo 02 | B6: 18724260670
A7: Tramo 03 | B7: 15886461489
A8: Tramo 04 | B8: 18533406621
A9: Tramo 05 | B9: 14971945628
A10: Tramo 06 | B10: 16484340849
A11: Tramo 07 | B11: 1.668692e+10
A12: Tramo 08 | B12: 11566305868
A13: Tramo 09 | B13: 6300474910
A14: Tramo 10 | B14: 1.4281622e+09
A15: Tramo 11 | B15: 1.292852e+09
A16: Tramo 12 | B16: 14200237260
... A100: Tramo 100 | B100: 1.625508e+09
B101: =SUM(B4:B100) -> 1.2769669e+12
